Map: Simulacro EE

Players

MrFercho

  • Race: Zerg Zerg
  • Spawn Location: 5:00

Ekbalam - Winner!

  • Race: Protoss Protoss
  • League: Gold
  • Spawn Location: 11:00

VOD

Have the link to the VOD?

Description

Time

  • Played on: April 4, 2020, 10:02 p.m.
  • Length: 11:43
Show
View Real Time Build Order
Export as new Build Order

MrFercho Zerg 

Build Orders: Hatch First 

Get SALT Encoding   

  12  0:04  Drone  
  13  0:17  Overlord  
  13  0:18  Drone  
  14  0:27  Extractor  
  13  0:30  Drone  
  14  0:44  Drone x2  
  16  0:58  Drone  
  17  1:14  Drone x2  
  17  1:17  Hatchery  
  19  1:32  Drone  
  19  1:33  Drone  
  20  1:42  Spawning Pool  
  19  2:00  Drone  
  19  2:01  Overlord  
  20  2:12  Extractor, Drone  
  20  2:32  Lair  
  20  2:35  Metabolic Boost  
  20  2:41  Zergling x4  
  20  2:42  Zergling x6  
  25  2:54  Drone x2  
  27  3:01  Roach Warren  
  26  3:39  Drone x4  
  26  3:40  Drone x2  
  32  3:41  Extractor  
  32  3:42  Extractor  
  30  3:52  Overseer  
  30  3:54  Pneumatized Carapace  
  30  3:58  Burrow  
  25  4:28  Drone x2  
  25  4:29  Drone x3  
  25  4:30  Drone  
  31  4:48  Infestation Pit  
  31  4:51  Spire  
  29  4:56  Hydralisk Den  
  28  5:09  Drone x2  
  28  5:10  Overlord x3, Drone  
  31  5:56  Hatchery  
  30  5:57  Hatchery  
  30  5:59  Hatchery  
  28  6:17  Drone x5  
  28  6:18  Drone  
  34  6:36  Overlord x2  
  13  7:18  Roach x3  
  13  7:21  Overseer  
  19  7:34  Nydus Network  
  18  7:48  Zergling x2  
  18  7:49  Zergling x4, Hydralisk x2  
  18  7:50  Hydralisk  
  27  7:52  Roach x3  
  27  7:56  Zergling x4  
  35  8:37  Drone x4  
  35  8:38  Drone  
  40  8:52  Overseer  
  40  9:27  Nydus Canal  
  17  10:01  Hydralisk x4  
  17  10:03  Roach x2  
  28  10:48  Overseer  
Show
View Real Time Build Order
Export as new Build Order

Ekbalam Protoss - Winner!

Build Orders:  

Get SALT Encoding   

  12  0:03  Probe  
  13  0:15  Probe  
  14  0:28  Pylon, Probe  
  15  0:46  Probe (Chrono Boost)  
  16  0:53  Gateway  
  17  0:57  Probe (Chrono Boost)  
  17  1:00  Assimilator  
  17  1:02  Probe (Chrono Boost)  
  18  1:12  Probe (Chrono Boost)  
  19  1:24  Probe (Chrono Boost)  
  20  1:29  Assimilator, Probe (Chrono Boost)  
  21  1:37  Pylon  
  21  1:38  Probe  
  22  1:43  Cybernetics Core  
  22  1:59  Probe  
  23  2:11  Probe  
  24  2:19  Stalker  
  26  2:23  Nexus  
  26  2:27  Warp Gate (Chrono Boost), Pylon  
  26  2:31  Probe  
  27  2:43  Probe  
  28  2:52  Stalker  
  28  2:55  Probe  
  31  3:04  Pylon  
  31  3:07  Probe  
  32  3:19  Probe  
  33  3:24  Twilight Council  
  33  3:26  Pylon  
  33  3:32  Probe  
  34  3:34  Stalker  
  34  3:40  Probe  
  37  3:44  Probe  
  38  3:53  Probe  
  39  3:56  Probe  
  39  4:17  Charge (Chrono Boost), Probe x2  
  40  4:22  Zealot  
  43  4:28  Gateway  
  43  4:29  Probe  
  44  4:34  Gateway, Robotics Facility  
  44  4:35  Dark Shrine  
  44  4:36  Probe  
  45  4:41  Probe  
  45  4:42  Assimilator  
  45  4:44  Assimilator, Zealot  
  48  4:49  Probe  
  49  4:53  Probe  
  49  4:58  Gateway  
  50  5:01  Probe  
  50  5:05  Probe  
  52  5:13  Probe  
  53  5:14  Zealot  
  53  5:17  Probe  
  56  5:25  Probe, Robotics Bay  
  56  5:26  Pylon  
  57  5:28  Pylon  
  57  5:29  Probe  
  58  5:38  Forge  
  58  5:39  Forge  
  58  5:42  Robotics Bay  
  58  5:47  Probe  
  59  5:50  Dark Templar x2  
  59  5:51  Dark Templar  
  65  6:04  Probe  
  65  6:05  Probe  
  65  6:09  Pylon  
  65  6:11  Pylon  
  67  6:12  Colossus  
  67  6:15  Extended Thermal Lance  
  67  6:18  Protoss Ground Weapons Level 1, Protoss Shields Level 1  
  73  6:24  Stalker x2, Zealot  
  79  6:27  Probe x2  
  81  7:10  Stalker x3  
  81  7:11  Stalker  
  89  7:36  Pylon  
  89  7:37  Probe x2  
  89  7:38  Pylon  
  89  7:39  Pylon  
  89  7:43  Pylon  
  91  7:44  Pylon  
  91  7:48  Colossus  
  91  7:49  Probe x2  
  91  7:50  Pylon  
  99  8:01  Probe x2  
  101  8:06  Templar Archives  
  101  8:11  Gateway x2  
  101  8:13  Probe  
  101  8:14  Gateway  
  102  8:26  Protoss Ground Weapons Level 2  
  102  8:27  Protoss Shields Level 2  
  102  8:46  Photon Cannon x2  
  102  8:49  Photon Cannon  
  102  8:50  Photon Cannon  
  102  8:51  Photon Cannon  
  102  8:57  Photon Cannon x2  
  102  9:00  Photon Cannon x2  
  102  9:01  Photon Cannon  
  102  9:03  Photon Cannon  
  102  9:18  Nexus  
  102  9:23  Pylon  
  102  9:27  Pylon  
  102  9:31  Pylon  
  102  9:43  Pylon  
  100  11:05  Photon Cannon  
  100  11:06  Photon Cannon x2  
  100  11:07  Photon Cannon x2  
  100  11:18  Assimilator x2  
Tags
 
League
Gold
Matchup
PvZ
Replay Pack
MrFercho
Spawn Locations
Cross Positions
Add a new tag
Caveats
  • Supply blocks, unpowered buildings, or Contaminate may cause inaccurate times.
  • Supply counts are checked every 10 seconds.